 Dungeon Crawl Stone Soup version 0.28.0-45-g0d030f2227 (webtiles) character file.

Game seed: 14858713473028478672

273 brightshaft the Sneak (level 6, -3/42 HPs)
             Began as an Octopode Brigand on Apr 20, 2022.
             Slain by a gnoll
             ... wielding a +0 flail
              (10 damage)
             ... on level 3 of the Dungeon.
             The game lasted 00:05:14 (3224 turns).

brightshaft the Sneak (Octopode Brigand)            Turns: 3224, Time: 00:05:15

Health: -3/42      AC:  1    Str: 10    XL:     6   Next: 24%
Magic:  6/6        EV: 14    Int: 13    God:
Gold:   122        SH:  5    Dex: 16    Spells: 5/5 levels left

rFire   . . .      SeeInvis .   a - +2 dagger
rCold   . . .      Faith    .   (no shield)
rNeg    . . .      Spirit   .   (helmet restricted)
rPois   +          Reflect  +   j - amulet of reflection
rElec   .          Harm     .   h - ring of willpower
rCorr   .          Rampage  .   i - ring of poison resistance
Will    +....                   (no ring)
Stlth   +++++.....              (no ring)
HPRegen 0.14/turn               (no ring)
MPRegen 0.10/turn               (no ring)
                                (no ring)
                                (no ring)

@: no status effects
A: almost no armour, amphibious, 8 rings, camouflage 1, gelatinous body 1,
(nimble swimmer 1), tentacles
a: no special abilities


You were on level 3 of the Dungeon.
You visited 1 branch of the dungeon, and saw 3 of its levels.
You also visited: Sewer.

You collected 122 gold pieces.

Inventory:

Hand Weapons
 a - a +2 dagger (weapon)
 q - a +0 halberd
 r - a +0 spear
Missiles
 b - 10 poisoned darts (quivered)
 c - 2 curare-tipped darts
Magical Staves
 d - a staff of air
 e - a staff of poison
Jewellery
 h - a ring of willpower (left tentacle)
 i - a ring of poison resistance (right tentacle)
 j - an amulet of reflection (around mantle)
Scrolls
 k - 2 scrolls of identify {@r1}
 l - a scroll of teleportation {unknown}
 m - a scroll of fog {unknown}
Potions
 f - 2 potions of curing {@q1}
 g - a potion of might {unknown}
 n - a potion of haste {unknown}
 o - a potion of cancellation {unknown}
 p - 5 potions of flight


   Skills:
 + Level 3.5 Fighting
 + Level 3.5 Short Blades
 - Level 2.0 Throwing
 + Level 3.0 Dodging
 + Level 6.9 Stealth


You had 5 spell levels left.
You didn't know any spells.
Your spell library was empty.

Dungeon Overview and Level Annotations

Branches:
Dungeon (3/15)              Sewer (visited)

Altars:


Innate Abilities, Weirdness & Mutations

You cannot wear most types of armour.
You are amphibious.
You can wear up to eight rings at the same time.
Your skin changes colour to match your surroundings (Stealth+).
Your rubbery body absorbs attacks. (AC +1, EV +1)
((You are camouflaged when in or above water. (Stealth+)))
You have tentacles for arms and can constrict up to eight enemies at once.


Message History

q - a +0 halberd
Things that are here:
a +0 spear; a gnoll corpse
r - a +0 spear
Things that are here:
a +0 dagger; a +0 leather armour; an orc corpse
There is a stone staircase leading up here.
A gnoll comes into view. It is wielding a +0 spear.
You are too injured to fight recklessly!
You are too injured to fight recklessly!
You are too injured to fight recklessly!
A gnoll comes into view. It is wielding a +0 club.
The gnoll shouts!
You hear a shout! x2
The gnoll barely misses you. The gnoll hits you with a +0 spear.
You closely miss the gnoll. You grab the gnoll.
You constrict the gnoll, but do no damage.
You block the gnoll's attack.
You hit the gnoll.
The gnoll is moderately wounded.
You constrict the gnoll. The gnoll hits you with a +0 club!
You block the gnoll's attack.
You hit the gnoll but do no damage. You squeeze the gnoll!
The gnoll is almost dead.
You constrict the gnoll. The gnoll hits you with a +0 club.
* * * LOW HITPOINT WARNING * * *
The gnoll hits you with a +0 spear.
* * * LOW HITPOINT WARNING * * *
You hit the gnoll.
You kill the gnoll!
The gnoll barely misses you.
You hit the gnoll. You grab the gnoll.
The gnoll is moderately wounded.
You constrict the gnoll. The gnoll closely misses you.
You block the gnoll's attack.
You hit the gnoll.
The gnoll is severely wounded.
You constrict the gnoll. The gnoll closely misses you.
The gnoll hits you with a +0 flail!
You die...

#.....# ##..#
#.....##....#
###...<....##..
#.....)).......
##...)†..##....
##.....###.#..
####............
#....g..).......
#...@g.##.###........
#..###.##.# #......
##........# ##.....##
#....#g#.<# #.......#
#....#.#..###........
#########≈÷....##.......#
#≈≈≈≈≈≈≈#≈≈≈.....g>)...##
##≈#######≈#..r.####......
#≈≈≈≈≈≈≈≈#≈≈≈...g.........


You could see 2 gnolls.

Vanquished Creatures
  5 gnolls (D:3)
  7 river rats
  7 adders
  2 dart slugs
  7 worms
  4 orcs
  7 bats
  7 endoplasms
  3 giant cockroaches (Sewer)
  4 goblins
  3 hobgoblins (D:2)
  3 jackals (Sewer)
  3 kobolds
  5 quokkas
  9 ball pythons
  9 rats
85 creatures vanquished.

Notes
Turn   | Place    | Note
-------+----------+-------------------------------------------
     0 | D:1      | brightshaft the Octopode Brigand began the quest for the
                  | Orb.
     0 | D:1      | Reached XP level 1. HP: 14/14 MP: 1/1
   121 | D:1      | Reached XP level 2. HP: 19/19 MP: 2/2
   626 | D:1      | Found a faded altar of an unknown god.
  1075 | D:2      | Reached XP level 3. HP: 19/25 MP: 3/3
  1658 | D:3      | Reached skill level 6 in Stealth
  1658 | D:3      | Reached XP level 4. HP: 10/30 MP: 4/4
  1965 | D:3      | Found a glowing drain.
  1972 | Sewer    | Entered a sewer
  2129 | Sewer    | Reached XP level 5. HP: 36/36 MP: 5/5
  2457 | Sewer    | HP: 1/36 [constriction (1)]
  3101 | D:3      | Reached XP level 6. HP: 42/42 MP: 6/6
  3224 | D:3      | Slain by a gnoll

Illustrated notes

Levels and vault maps discovered:
D:1:      dpeg_arrival_snail, layout_basic,
          shapermc_ecumenical_altar_mp_ritualfount
D:2:      layout_loops_ring
D:3:      layout_rooms, lightli_sewer_entry_pipes

Skill      XL: |  1  2  3  4  5  6 |
---------------+-------------------+-----
Dodging        | 2 3 |  3.0
Stealth        | 6 |  6.9
Fighting       | 3 |  3.5
Short Blades   | 3 |  3.5
Throwing       | |  2.0

Action                   |  1- 3 |  4- 6 || total
-------------------------+-------+-------++-------
Melee: Dagger            |    58 |   122 ||   180
       Tentacles         |    13 |    23 ||    36
       Constrict         |     9 |    24 ||    33
       Punch             |       |     2 ||     2
  Use: Scroll            |     3 |       ||     3
 Stab: Sleeping          |    17 |    17 ||    34
Armor: Skin              |     1 |     6 ||     7
Dodge: Dodged            |    10 |    94 ||   104
Block: Other             |     3 |    30 ||    33
